 Dungeon Crawl Stone Soup version 0.31.0-1-g2c135a008e (webtiles) character file.

Game seed: 14647426326088756212

360 qw the Shooter (level 6, 0/46 HPs)
             Began as a Djinni Hunter on Jan 24, 2024.
             Slain by a gnoll
             ... wielding a +0 spear
              (2 damage)
             ... on level 4 of the Dungeon.
             The game lasted 00:00:10 (2279 turns).

qw the Shooter (Djinni Hunter)                      Turns: 2279, Time: 00:00:10

Health: 0/46       AC:  5    Str: 10    XL:     6   Next: 98%
Gold:   127        EV: 11    Int: 11    God:
                   SH:  0    Dex: 18

rFire   + + .        a - +0 shortbow
rCold   x . .        (shield currently unavailable)
rNeg    + . .        b - +0 ring mail
rPois   inf          (no helmet)
rElec   .            (no cloak)
rCorr   .            (no gloves)
SInv    .            (boots unavailable)
Will    .....        (no amulet)
Stlth   +            j - ring of positive energy
HPRegen 0.27/turn    (no ring)
MPRegen 0.00/turn

%: infuse magic (-1 HP)
@: flying
A: sickness immunity, fire resistance 2, cold vulnerability 1, float, innate
caster, HP casting, extra vitality 1
a: no special abilities


You were on level 4 of the Dungeon.
You visited 1 branch of the dungeon, and saw 4 of its levels.

You collected 127 gold pieces.


Innate Abilities, Weirdness & Mutations

You are immune to sickness and miasma.
You are immune to poison.
Your flesh is very heat resistant. (rF++)
You are vulnerable to cold. (rC-)
You float through the air rather than walking.
You learn spells naturally, not from books.
Your magical power is your life essence.
You have superior vitality. (+4 MHP)


   Skills:
 - Level 3.0 Fighting
 - Level 5.7 Ranged Weapons
 - Level 1.8 Armour
 + Level 2.7 Dodging
 - Level 0.7 Stealth


You knew the following spells:

 Your Spells              Type           Power      Damage    Failure   Level
a - Sandblast             Erth           0%         2d4       65%         1
b - Scorch                Fire           0%         2d5       80%         2
Your spell library was empty.

Inventory:

Hand Weapons
 a - a +0 shortbow (weapon)
Armour
 b - a +0 ring mail (worn)
Jewellery
 j - a ring of positive energy (left hand)
Wands
 e - a wand of mindburst (8)
Scrolls
 d - a scroll of immolation {unknown}
Potions
 f - a potion of haste {unknown}
 g - 2 potions of curing
 h - a potion of lignification {unknown}
 i - a potion of invisibility {unknown}

Dungeon Overview and Level Annotations

Branches:
Dungeon (4/15)
 Temple: D:4-7

Altars:

Annotations:
D:4 3 runed translucent doors, qw's ghost, novice GrHu


Message History

The arrow hits the gnoll but does no damage.
The gnoll is heavily wounded.
The gnoll hits you from afar with a +0 halberd!
You shoot an arrow. The arrow hits the gnoll.
The gnoll is almost dead.
The gnoll closely misses you.
You shoot an arrow. The arrow hits the gnoll.
The gnoll is moderately wounded.
The gnoll hits you from afar with a +0 halberd!
A gnoll comes into view. It is wielding a +0 spear.
The gnoll closely misses you.
You shoot an arrow. The gnoll shouts!
The arrow hits the gnoll but does no damage.
The gnoll is moderately wounded.
The gnoll barely misses you. The gnoll hits you with a +0 flail.
The gnoll hits you from afar with a +0 halberd.
The gnoll hits you with a +0 flail.
2274 ||| DRINKING potion of heal wounds.
You feel much better. The gnoll closely misses you. x2
You shoot an arrow. The arrow hits the gnoll.
The gnoll is moderately wounded.
The gnoll closely misses you. The gnoll completely misses you.
You shoot an arrow. The arrow hits the gnoll!
The gnoll is almost dead.
The gnoll barely misses you.
You shoot an arrow. The arrow barely misses the gnoll.
The gnoll completely misses you. The gnoll misses you.
The gnoll hits you with a +0 flail.
The gnoll hits you from afar with a +0 halberd!
The gnoll hits you with a +0 flail.
The gnoll hits you from afar with a +0 spear.
You shoot an arrow. The arrow completely misses the gnoll.
The gnoll misses you. The gnoll closely misses you.
The gnoll hits you with a +0 flail.
You shoot an arrow. The arrow hits the gnoll.
You kill the gnoll!
The gnoll hits you from afar with a +0 spear.
You die...

##'######...#k[..
..+...# #...# ##..#..##
..+.. #...# #..#..###..#
#.[.# ##..#..hS...
+...#####...#########.
#.......#.............
..........'.............
######....#.....(.g..#
#....#.....@.g..#
#....######)......#
#....# #....<..# #....#
#.......# ######
#.......# #)......#
#......?# #.......#


You could see a hound, 2 gnolls and an adder.

Vanquished Creatures
  Grinder (D:4)
  A bombardier beetle (D:4)
  An orc priest (D:3)
  4 adders
  A gnoll (D:4)
  4 dart slugs
  4 orcs
  4 ball pythons
  3 endoplasms
  7 giant cockroaches
  7 goblins
  3 hobgoblins
  10 kobolds
  6 quokkas
  6 bats
  2 frilled lizards
  3 rats
67 creatures vanquished.

Notes
Turn   | Place    | Note
-------+----------+-------------------------------------------
     0 | D:1      | qw the Djinni Hunter began the quest for the Orb.
     0 | D:1      | Reached XP level 1. HP: 18/18 MP: 0/0
     0 | D:1      | 0 ||| qw: Version: 0.3-a-136-gdd3b4e8
     0 | D:1      | 0 ||| qw: Game counter: 1292
     0 | D:1      | 0 ||| qw: Melee chars always use a shield: true
     0 | D:1      | 0 ||| qw: God list: Okawaru
     0 | D:1      | 0 ||| qw: Allow faded altars: false
     0 | D:1      | 0 ||| qw: Do Orc after clearing Dungeon:15 true
     0 | D:1      | 0 ||| qw: Do second Lair branch before Depths: true
     0 | D:1      | 0 ||| qw: Lair rune preference: random
     0 | D:1      | 0 ||| qw: Goals: Normal
     0 | D:1      | 0 ||| PLANNING D:1-11
    88 | D:1      | Reached XP level 2. HP: 15/23 MP: 0/0
   756 | D:1      | Found a faded altar of an unknown god.
   757 | D:1      | 757 ||| READING scroll labelled CUFOUH BAKAIBB.
   758 | D:1      | 758 ||| READING scroll labelled TOEKOENYIV.
   763 | D:1      | 763 ||| DROPPING scroll of butterflies.
   795 | D:2      | Reached skill level 4 in Ranged Weapons
   795 | D:2      | Reached XP level 3. HP: 28/28 MP: 0/0
   795 | D:2      | Learned a level 1 spell: Sandblast
   834 | D:2      | 834 ||| RETREEEEATING.
   835 | D:2      | 835 ||| RETREEEEATING.
   836 | D:2      | 836 ||| RETREEEEATING.
   837 | D:2      | 837 ||| RETREEEEATING.
   841 | D:2      | 841 ||| RETREEEEATING.
   976 | D:2      | Reached skill level 3 in Fighting
   976 | D:2      | Reached XP level 4. HP: 35/35 MP: 0/0
  1261 | D:2      | Identified the +0 scale mail of Nuulawea {*Slow rPois rN+
                  | Str+2}
  1349 | D:2      | 1349 ||| UPGRADING to +0 ring mail.
  1359 | D:2      | 1359 ||| DROPPING +0 leather armour.
  1360 | D:2      | 1360 ||| READING scroll labelled KUTEIC PUECOURCH.
  1360 | D:2      | 1360 ||| IDENTIFYING fizzy cyan potion
  1361 | D:2      | 1361 ||| READING scroll labelled JOCECA VOARPHO.
  1362 | D:2      | 1362 ||| DROPPING potion of magic.
  1493 | D:3      | HP: 7/35 [orc/+0 whip (6)]
  1497 | D:3      | Reached skill level 1 in Armour
  1497 | D:3      | Reached XP level 5. HP: 10/40 MP: 0/0
  1497 | D:3      | Learned a level 2 spell: Scorch
  1971 | D:3      | 1971 ||| UPGRADING to ring of positive energy.
  1972 | D:3      | 1972 ||| READING scroll of identify.
  1972 | D:3      | 1972 ||| IDENTIFYING blue potion
  1973 | D:3      | 1973 ||| READING scroll labelled JUUH DOARIOSA.
  1974 | D:3      | 1974 ||| DRINKING 3 fuming amethyst potions.
  2172 | D:4      | Found a runed translucent gate.
  2172 | D:4      | Found a runed translucent gate.
  2175 | D:4      | Noticed a wyvern
  2196 | D:4      | Noticed qw's ghost (novice GrHu)
  2197 | D:4      | Found a runed translucent gate.
  2206 | D:4      | Noticed Grinder
  2207 | D:4      | 2207 ||| ZAPPING wand of mindburst (13) at -6,1 (Grinder;
                  | floor).
  2207 | D:4      | Paralysed by Grinder for 5 turns
  2212 | D:4      | 2212 ||| ZAPPING wand of mindburst (12) at -3,1 (Grinder;
                  | floor).
  2213 | D:4      | 2213 ||| ZAPPING wand of mindburst (11) at -2,1 (Grinder;
                  | floor).
  2214 | D:4      | 2214 ||| ZAPPING wand of mindburst (10) at -1,1 (Grinder;
                  | floor).
  2215 | D:4      | 2215 ||| ZAPPING wand of mindburst (9) at -1,1 (Grinder;
                  | floor).
  2215 | D:4      | Killed Grinder
  2216 | D:4      | Reached skill level 5 in Ranged Weapons
  2216 | D:4      | Reached XP level 6. HP: 43/46 MP: 0/0
  2273 | D:4      | HP: 8/46 [gnoll/+0 halberd (6)]
  2273 | D:4      | HP: 2/46 [gnoll/+0 flail (6)]
  2274 | D:4      | 2274 ||| DRINKING potion of heal wounds.
  2278 | D:4      | HP: 2/46 [gnoll/+0 flail (6)]
  2279 | D:4      | Slain by a gnoll

Levels and vault maps discovered:
D:1:      saegor_arrival_simple_c, layout_basic,
          hellmonk_ecumenical_altar_inner_sanctum
D:2:      layout_rooms, minmay_vboxes
D:3:      layout_basic
D:4:      layout_basic, minmay_temple_entry_fiery, gammafunk_ghost_split,
          uniq_grinder

Skill      XL: |  1  2  3  4  5 |
---------------+----------------+-----
Ranged Weapons | 4 5 |  5.7
Fighting       | 3 |  3.0
Armour         | 1 |  1.8
Dodging        | |  2.7
Stealth        | |  0.7

Action                     |  1- 3 |  4- 6 || total
---------------------------+-------+-------++-------
   Fire: Shortbow          |    90 |   132 ||   222
  Evoke: Wand              |       |     5 ||     5
    Use: Scroll            |     2 |     4 ||     6
         Potion            |       |     2 ||     2
 Armour: Leather armour    |    33 |     3 ||    36
         Ring mail         |       |    45 ||    45
  Dodge: Dodged            |    29 |    60 ||    89

Table legend:
 A = Non-vault XP
 B = Vault XP
 C = Vault XP percentage of total XP
 D = Non-vault monster count
 E = Vault monster count
 F = Vault count percentage of total count
                 A         B        C        D         E       F
            +---------+---------+-------+---------+---------+-------
      Total |     248 |     281 |  53.1 |      60 |       7 |  10.4
            +---------+---------+-------+---------+---------+-------
        D:1 |      28 |       0 |   0.0 |      17 |       0 |   0.0
        D:2 |      37 |      23 |  38.3 |      18 |       6 |  25.0
        D:3 |      89 |       0 |   0.0 |      19 |       0 |   0.0
        D:4 |      94 |     258 |  73.3 |       6 |       1 |  14.3
            +---------+---------+-------+---------+---------+-------
